 Dungeon Crawl Stone Soup version 0.20.1-1-g8b1a95d (webtiles) character file.

4988 QuCean the Carver (level 10, -6/86 HPs)
             Began as a Minotaur Fighter on Oct 18, 2017.
             Was an Elder of Okawaru.
             Mangled by a yak (10 damage)
             ... on level 9 of the Dungeon.
             The game lasted 00:35:35 (12048 turns).

QuCean the Carver (Minotaur Fighter)               Turns: 12048, Time: 00:35:36

Health: -6/86      AC: 18    Str: 25    XL:     10   Next: 29%
Magic:  6/9        EV: 11    Int:  5    God:    Okawaru [****..]
Gold:   392        SH: 14    Dex:  9    Spells: 9/9 levels left

rFire    . . .     SeeInvis .   a - +0 long sword
rCold    . . .     Gourm    .   c - +0 shield
rNeg     . . .     Faith    .   T - +0 plate armour
rPois    .         Spirit   .   (helmet restricted)
rElec    .         Reflect  .   (no cloak)
rCorr    +         Harm     .   t - +0 pair of gloves
MR       .....                  (no boots)
Stlth    ..........             (no amulet)
Regen    0.3/turn               h - ring of resist corrosion
MPRegen  0.2/turn               (no ring)

@: heroism
A: retaliatory headbutt, horns 2
a: Heroism, Renounce Religion


You were on level 9 of the Dungeon.
You worshipped Okawaru.
Okawaru was greatly pleased with you.
You were not hungry.

You visited 2 branches of the dungeon, and saw 10 of its levels.
You also visited: Ossuary.

You collected 392 gold pieces.

Inventory:

Hand Weapons
 a - a +0 long sword (weapon)
Armour
 b - a +0 scale mail
 c - a +0 shield (worn)
 t - a +0 pair of gloves (worn)
 T - a +0 plate armour (worn)
Jewellery
 h - a ring of resist corrosion (left hand)
 H - an uncursed ring of stealth {unknown}
 S - a cursed ring of teleportation {unknown}
Wands
 m - a wand of random effects (24/48)
 B - a wand of flame (18/48)
 G - a wand of flame (36/48)
 I - a wand of lightning (8/15)
 O - a wand of random effects (35/48)
Scrolls
 e - a scroll of recharging {unknown}
 k - 4 scrolls of noise
 l - 6 scrolls of teleportation
 n - a scroll of amnesia {unknown}
 q - 2 scrolls of enchant weapon
 r - 2 scrolls of random uselessness
 s - 7 scrolls of remove curse
 x - 2 scrolls of immolation
 y - a scroll of fear {unknown}
 C - 2 scrolls of enchant armour {unknown}
 E - a scroll of fog {unknown}
 F - 7 scrolls of identify
 K - a scroll of magic mapping {unknown}
Potions
 d - 4 potions of might
 i - 3 potions of lignification
 o - 2 potions of degeneration {unknown}
 p - 4 potions of resistance
 u - 8 potions of curing
 v - 4 potions of heal wounds
 z - 2 potions of mutation
 D - a potion of berserk rage {unknown}
 J - 3 potions of brilliance {unknown}
 L - a potion of haste {unknown}
 M - a potion of agility {unknown}
 Q - 2 potions of cancellation {unknown}
 R - a potion of flight {unknown}
Books
 A - a book of Clouds

   Spells                             Type                      Level
   a - Poisonous Vapours              Poison/Air                   2
   b - Mephitic Cloud                 Conjuration/Poison/Air       3
   c - Conjure Flame                  Conjuration/Fire             3
   d - Freezing Cloud                 Conjuration/Ice/Air          6
   e - Ring of Flames                 Charms/Fire                  7
 P - a book of Maledictions

   Spells                             Type                      Level
   a - Corona                         Hexes                        1
   b - Ensorcelled Hibernation        Hexes/Ice                    2
   c - Confuse                        Hexes                        3
   d - Tukima's Dance                 Hexes                        3
   e - Dazzling Spray                 Conjuration/Hexes            3
Comestibles
 f - 5 bread rations
 g - 3 meat rations
 j - 2 fruits
 w - 6 royal jellies
 N - 6 chunks of flesh


   Skills:
 + Level 7.0(12.0) Fighting
 + Level 10.4(15.4) Long Blades
 + Level 9.2(14.2) Armour
 + Level 4.8(9.8) Dodging
 + Level 0.8(5.8) Stealth
 + Level 9.8(14.8) Shields
 + Level 1.3 Invocations


You had 9 spell levels left.
You didn't know any spells.

Dungeon Overview and Level Annotations

Branches:
Dungeon (9/15)             Temple (1/1) D:4
   Lair: D:8-11         Orc: D:9-12

Altars:
Ashenzari
Cheibriados
Dithmenos
Elyvilon
Gozag
Hepliaklqana
Kikubaaqudgha
Okawaru
Qazlal
Sif Muna
Uskayaw
Vehumet
Xom
Yredelemnul
Zin
The Shining One

Shops:
D:6 =


Innate Abilities, Weirdness & Mutations

You reflexively headbutt those who attack you in melee.
You have a pair of horns on your head.


Message History

The yak gores you but does no damage. x2
You closely miss the yak.
The yak is heavily wounded.
The yak gores you!
* * * LOW HITPOINT WARNING * * *
The yak gores you.
* * * LOW HITPOINT WARNING * * *
You slash the yak! Your headbutt misses the yak.
The yak is severely wounded.
You block the yak's attack. The yak barely misses you.
You slash the yak!
The yak is almost dead.
The yak gores you.
* * * LOW HITPOINT WARNING * * *
You gain the combat prowess of a mighty hero.
The yak gores you but does no damage. You block the yak's attack.
You hit the yak but do no damage.
The yak is almost dead.
The yak gores you!
You die...

#...................
#.....$...........###..
#......................
#......................
#.....$..........#....#
#....†................#
##....?...)...>.....#
##...Y.##........#.#
####@##....#....#.##
#.Y...#...##.#..#
#.......#(##....##
...###.###.# #.... .###
#.# #.####.... .# #.#
#......... ..
######.... ## #....
..<....


You could see 2 yaks.

Vanquished Creatures
  A cyclops (D:8)
  A centaur zombie (D:9)
  A hippogriff (D:8)
  A spriggan (D:7)
  A wyvern (D:9)
  3 yaks (D:9)
  Eustachio (D:3)
  2 orc warriors
  A sky beast (D:6)
  A phantom (D:6)
  An ogre (D:8)
  A big kobold (D:7)
  5 bullfrogs
  12 scorpions
  4 wights
  2 howler monkeys (D:7)
  4 crimson imps
  A bullfrog zombie (D:9)
  6 hounds
  5 jellies
  2 human zombies (Ossuary)
  4 orc priests
  7 orc wizards
  8 worker ants
  A killer bee zombie (D:9)
  3 mummies (Ossuary)
  A worker ant zombie (D:6)
  Robin (D:3)
  11 gnolls
  6 adders
  A howler monkey skeleton (D:4)
  4 scorpion zombies (Ossuary)
  3 shadow imps
  An ooze (D:6)
  An adder zombie (D:5)
  3 worms
  4 dart slugs
  9 leopard geckos
  27 orcs
  3 ball pythons
  7 giant cockroaches
  13 goblins
  14 hobgoblins
  8 jackals
  13 kobolds
  4 quokkas
  5 bats
  5 frilled lizards
  4 goblin zombies (Ossuary)
  2 hobgoblin zombies (Ossuary)
  A kobold zombie (Ossuary)
  A leopard gecko zombie (D:6)
  2 orc zombies (Ossuary)
  5 rats
238 creatures vanquished.

Notes
Turn   | Place    | Note
-------+----------+-------------------------------------------
     0 | D:1      | QuCean the Minotaur Fighter began the quest for the Orb.
     0 | D:1      | Reached XP level 1. HP: 19/19 MP: 0/0
   274 | D:1      | Reached XP level 2. HP: 27/27 MP: 1/1
   688 | D:1      | Reached XP level 3. HP: 33/33 MP: 2/2
  1073 | D:2      | Reached skill level 3 in Long Blades
  1786 | D:3      | Reached XP level 4. HP: 34/40 MP: 3/3
  1968 | D:3      | Noticed Robin
  2382 | D:3      | Killed Robin
  2382 | D:3      | Reached skill level 4 in Long Blades
  2459 | D:3      | Reached XP level 5. HP: 25/46 MP: 4/4
  3565 | D:4      | Noticed Eustachio
  4033 | D:3      | Reached skill level 5 in Armour
  4151 | D:3      | Reached skill level 5 in Shields
  4222 | D:3      | Reached skill level 1 in Dodging
  4222 | D:3      | Reached XP level 6. HP: 41/52 MP: 5/5
  4289 | D:4      | Found a staircase to the Ecumenical Temple.
  4301 | Temple   | Entered the Ecumenical Temple
  4385 | Temple   | Became a worshipper of Warmaster Okawaru
  4721 | D:4      | Reached skill level 5 in Long Blades
  5020 | D:3      | Killed Eustachio
  5020 | D:3      | Reached XP level 7. HP: 37/60 MP: 6/6
  5042 | D:3      | Reached skill level 6 in Long Blades
  5576 | D:5      | Entered Level 5 of the Dungeon
  6309 | D:5      | Found a shadowy altar of Dithmenos.
  6782 | D:6      | Found Xehed's Jewellery Shoppe.
  6807 | D:6      | Reached * piety under Okawaru
  7128 | D:6      | Reached XP level 8. HP: 67/67 MP: 7/7
  7180 | D:6      | Reached skill level 7 in Long Blades
  7807 | D:6      | Reached skill level 5 in Fighting
  7839 | D:7      | Reached ** piety under Okawaru
  7896 | D:7      | Reached skill level 8 in Long Blades
  8218 | D:7      | Found a sand-covered staircase.
  8238 | Ossuary  | Entered an ossuary
  8497 | Ossuary  | Reached XP level 9. HP: 60/74 MP: 8/8
  8825 | Ossuary  | Reached skill level 9 in Long Blades
  9538 | D:7      | Reached skill level 1 in Invocations
  9849 | D:7      | Reached *** piety under Okawaru
 10581 | D:8      | Found a stormy altar of Qazlal.
 10627 | D:8      | Noticed a cyclops
 10638 | D:8      | Killed a cyclops
 10638 | D:8      | Reached skill level 10 in Long Blades
 11776 | D:8      | Reached XP level 10. HP: 84/84 MP: 9/9
 11922 | D:9      | Reached **** piety under Okawaru
 12046 | D:9      | HP: 3/86 [yak (3)]
 12048 | D:9      | Mangled by a yak

Skill      XL: |  1  2  3  4  5  6  7  8  9 10 |
---------------+-------------------------------+-----
Armour         | 4 5 6 7 8 9 |  9.2
Shields        | 4 5 6 7 9 |  9.8
Fighting       | 4 5 6 7 |  7.0
Long Blades    | 3 4 5 6 8 10 | 10.4
Dodging        | 1 2 3 4 |  4.8
Invocations    | 1 |  1.3
Stealth        | |  0.8

Action                   |  1- 3 |  4- 6 |  7- 9 | 10-12 || total
-------------------------+-------+-------+-------+-------++-------
Melee: Long sword        |    82 |   179 |   433 |    59 ||   753
       Headbutt          |     7 |    45 |    93 |    17 ||   162
Invok: Heroism           |       |       |     9 |     4 ||    13
  Use: Scroll            |       |     5 |     7 |       ||    12
  Eat: Chunk             |     2 |     5 |    12 |       ||    19
       Fruit             |     1 |     1 |       |       ||     2
       Royal jelly       |       |     1 |     1 |       ||     2
       Bread ration      |       |     1 |     1 |     1 ||     3
Armor: Scale mail        |    37 |    88 |   142 |       ||   267
       Plate armour      |       |       |     6 |    42 ||    48
Dodge: Dodged            |    33 |    71 |   177 |    31 ||   312
Block: Shield            |    39 |    97 |   262 |    52 ||   450
       Rpst.: Long sword |     9 |    18 |    57 |     9 ||    93
